[Event "ICC tourney 2297 (30 10)"]
[Site "Internet Chess Club"]
[Date "2021.01.10"]
[Round "3"]
[White "yanje03"]
[Black "saif-shawkat"]
[Result "0-1"]
[ICCResult "White checkmated"]
[WhiteElo "1508"]
[BlackElo "2059"]
[Opening "Ruy Lopez: 5.O-O"]
[ECO "C78"]
[NIC "RL.12"]
[Time "15:01:31"]
[PlyCount "104"]
[TimeControl "1800+10"]

1. e4 e5 2. Nf3 Nc6 3. Bb5 a6 4. Ba4 Nf6 5. O-O b5 6. Bb3 Bc5 7. c3 d6 8.
d4 Bb6 9. a4 Rb8 10. Re1 O-O 11. Be3 Bg4 12. h3 Bxf3 13. gxf3 Nh5 14. Kh2
Qh4 15. Qd2 exd4 16. cxd4 Nxd4 17. Bd1 Ne6 18. Be2 Nef4 19. Bf1 Bxe3 20.
fxe3 Qg3+ 21. Kh1 Qxf3+ 22. Bg2 Ng3+ 23. Kh2 Nxg2 24. Qxg2 Qxg2+ 25. Kxg2
Nxe4 26. Nc3 Nxc3 27. bxc3 b4 28. cxb4 Rxb4 29. Rec1 c5 30. Rd1 Rb6 31. Rd5
Rc8 32. e4 f6 33. a5 Rbc6 34. Rc1 Kf7 35. Kf3 Ke6 36. Ke3 Rb8 37. Rc3 Rb5
38. Ra3 Rb8 39. Kd3 c4+ 40. Kc3 Rb1 41. Rh5 Rg1 42. Kc2 Rg2+ 43. Kc1 c3 44.
Rf5 c2 45. Rf1 g5 46. Raf3 Rc5 47. Rxf6+ Kd7 48. Rf7+ Kc6 49. Rxh7 Rxa5 50.
Kb2 Rb5+ 51. Ka2 c1=Q+ 52. Rf2 Rxf2# { White checkmated } 0-1

[Event "ICC tourney 2297 (30 10)"]
[Site "Internet Chess Club"]
[Date "2021.01.10"]
[Round "3"]
[White "imranchamp"]
[Black "wangfang75"]
[Result "1-0"]
[ICCResult "Black resigns"]
[WhiteElo "1826"]
[BlackElo "1834"]
[Opening "Two knights defense (Modern bishop's opening)"]
[ECO "C55"]
[NIC "IG.01"]
[Time "15:01:46"]
[PlyCount "101"]
[TimeControl "1800+10"]

1. e4 e5 2. Nf3 Nc6 3. Bc4 Nf6 4. d3 Be7 5. O-O d6 6. c3 O-O 7. Nbd2 Be6 8.
Bb5 a6 9. Ba4 b5 10. Bc2 d5 11. Re1 Bg4 12. h3 Bh5 13. Nf1 dxe4 14. dxe4
Qxd1 15. Rxd1 Rad8 16. Be3 Bxf3 17. gxf3 Na5 18. Ng3 Nc4 19. Nf5 Rde8 20.
Nxe7+ Rxe7 21. Bc5 Nd6 22. Rxd6 cxd6 23. Bxd6 Rd7 24. Bxf8 Kxf8 25. Rd1 Ke7
26. a4 Rxd1+ 27. Bxd1 Kd6 28. axb5 axb5 29. Be2 Kc5 30. b4+ Kc6 31. c4 bxc4
32. Bxc4 Nh5 33. Bxf7 Nf4 34. Be8+ Kd6 35. h4 Ke7 36. Bc6 Ng6 37. h5 Nh4
38. f4 exf4 39. b5 Nf3+ 40. Kg2 Nd4 41. Kh3 Kd6 42. Kg4 Ke5 43. Kg5 Ne6+
44. Kg4 Nd8 45. Bd5 h6 46. b6 Kd6 47. Kxf4 Nc6 48. Bxc6 Kxc6 49. Kf5 Kxb6
50. Kg6 Kc5 51. Kxg7 { Black resigns } 1-0

[Event "ICC tourney 2297 (30 10)"]
[Site "Internet Chess Club"]
[Date "2021.01.10"]
[Round "3"]
[White "SuperPuzzler"]
[Black "parallax"]
[Result "1-0"]
[ICCResult "Black resigns"]
[WhiteElo "1993"]
[BlackElo "2321"]
[Opening "French: Tarrasch, open variation"]
[ECO "C07"]
[NIC "FR.18"]
[Time "15:01:30"]
[PlyCount "69"]
[TimeControl "1800+10"]

1. e4 e6 2. d4 d5 3. Nd2 c5 4. Ngf3 cxd4 5. Nxd4 Nc6 6. Nxc6 bxc6 7. Bd3
Nf6 8. O-O Be7 9. b3 O-O 10. Bb2 Bb7 11. Qe2 Qb6 12. Nf3 dxe4 13. Bxe4 Nxe4
14. Qxe4 Rfd8 15. Qg4 Bf8 16. Rfe1 Qc7 17. h4 h6 18. Re3 Bc8 19. Bf6 Re8
20. Ne5 Re7 21. Rg3 g6 22. h5 g5 23. f4 Qb6+ 24. Kh1 Qd4 25. Rd1 Qe4 26.
fxg5 Qxg4 27. Rxg4 Rc7 28. gxh6+ Kh7 29. Rd8 Bb7 30. Rxf8 Rxf8 31. Rg7+
Kxh6 32. g4 c5+ 33. Kh2 Be4 34. Kg3 Bg6 35. Kh4 { Black resigns } 1-0

[Event "ICC tourney 2297 (30 10)"]
[Site "Internet Chess Club"]
[Date "2021.01.10"]
[Round "3"]
[White "AJ2000"]
[Black "nreiner"]
[Result "0-1"]
[ICCResult "White resigns"]
[WhiteElo "1646"]
[BlackElo "2005"]
[Opening "Ruy Lopez: classical defense, 4.c3"]
[ECO "C64"]
[NIC "RL.01"]
[Time "15:01:33"]
[PlyCount "94"]
[TimeControl "1800+10"]

1. e4 e5 2. Nf3 Nc6 3. Bb5 Bc5 4. c3 Nf6 5. O-O O-O 6. d4 exd4 7. cxd4 Be7
8. d5 Nb8 9. e5 Ne8 10. Bc4 d6 11. e6 fxe6 12. dxe6 c6 13. Re1 d5 14. Bd3
Nc7 15. Qc2 Bxe6 16. Bxh7+ Kh8 17. Ne5 Bf7 18. Qf5 Be8 19. Ng6+ Bxg6 20.
Qxg6 Nd7 21. Qd3 Bg5 22. Bxg5 Qxg5 23. Qh3 Nf6 24. Bf5+ Qh5 25. Qxh5+ Nxh5
26. g4 Nf4 27. Nc3 Rae8 28. Bd7 Rxe1+ 29. Rxe1 d4 30. Ne4 Rd8 31. Bf5 g6
32. Ng5 Rd5 33. Nf7+ Kg7 34. Re7 gxf5 35. Rxc7 d3 36. Nd6+ Kf6 37. Ne8+ Ke5
38. Re7+ Ne6 39. Rxe6+ Kxe6 40. Nc7+ Ke5 41. Nxd5 Kxd5 42. Kf1 fxg4 43. Ke1
Ke4 44. b3 Kf3 45. a4 b5 46. a5 c5 47. a6 c4 { White resigns } 0-1

[Event "ICC tourney 2297 (30 10)"]
[Site "Internet Chess Club"]
[Date "2021.01.10"]
[Round "3"]
[White "xyzchessdude"]
[Black "MrNormalName"]
[Result "0-1"]
[ICCResult "White resigns"]
[WhiteElo "1960"]
[BlackElo "2174"]
[Opening "English: Neo-Catalan declined"]
[ECO "A14"]
[NIC "RE.09"]
[Time "15:02:25"]
[PlyCount "74"]
[TimeControl "1800+10"]

1. Nf3 d5 2. c4 e6 3. g3 Nf6 4. Bg2 Be7 5. O-O O-O 6. b3 c5 7. Bb2 Nc6 8.
e3 d4 9. exd4 cxd4 10. Re1 Re8 11. d3 Bc5 12. Ba3 Bxa3 13. Nxa3 e5 14. Nd2
Bg4 15. Bf3 Bf5 16. Ne4 Bxe4 17. Bxe4 Nxe4 18. Rxe4 f5 19. Re2 e4 20. Nc2
Ne5 21. Ne1 Ng4 22. h3 Nf6 23. Ng2 Qd6 24. b4 e3 25. f4 Nh5 26. c5 Qg6 27.
g4 fxg4 28. Qb3+ Kh8 29. f5 Qxf5 30. Rf1 Qe5 31. hxg4 Ng3 32. Ree1 Nxf1 33.
Rxf1 e2 34. Re1 Rf8 35. Qc2 Rae8 36. b5 Re6 37. Qc4 Rh6 { White resigns }
0-1

[Event "ICC tourney 2297 (30 10)"]
[Site "Internet Chess Club"]
[Date "2021.01.10"]
[Round "3"]
[White "JonnyTurgi"]
[Black "chesssky"]
[Result "0-1"]
[ICCResult "White resigns"]
[WhiteElo "2087"]
[BlackElo "1991"]
[Opening "QGD semi-Slav"]
[ECO "D43"]
[NIC "SL.03"]
[Time "15:01:29"]
[PlyCount "70"]
[TimeControl "1800+10"]

1. d4 d5 2. c4 c6 3. Nf3 Nf6 4. Nc3 e6 5. Bg5 h6 6. Bh4 dxc4 7. e4 g5 8.
Bg3 b5 9. Be2 Bb7 10. O-O Nbd7 11. Ne5 Be7 12. f4 Nxe5 13. fxe5 Nh7 14. Bh5
O-O 15. Qf3 Qxd4+ 16. Kh1 f6 17. Rad1 Qc5 18. Rd7 Bc8 19. Rd2 Kg7 20. exf6+
Nxf6 21. Rdf2 e5 22. Nd1 g4 23. Qc3 Nxh5 24. Bxe5+ Kg8 25. Bd4 Rxf2 26.
Rxf2 Qd6 27. Ne3 Be6 28. e5 Qb4 29. Qc2 Qe1+ 30. Rf1 Qh4 31. Qg6+ Ng7 32.
Rf6 Rf8 33. g3 Qh3 34. Rxe6 Rf1+ 35. Nxf1 Qxf1+ { White resigns } 0-1

[Event "ICC tourney 2297 (30 10)"]
[Site "Internet Chess Club"]
[Date "2021.01.10"]
[Round "3"]
[White "SuperWJ"]
[Black "runtilmorrow1"]
[Result "1/2-1/2"]
[ICCResult "Black stalemated"]
[WhiteElo "1959"]
[BlackElo "1968"]
[Opening "Benkö gambit: main line"]
[ECO "A58"]
[NIC "BI.41"]
[Time "15:01:37"]
[PlyCount "131"]
[TimeControl "1800+10"]

1. d4 Nf6 2. c4 c5 3. d5 b5 4. cxb5 a6 5. bxa6 g6 6. Nc3 Bxa6 7. e4 Bxf1 8.
Kxf1 d6 9. Nf3 Bg7 10. g3 O-O 11. Kg2 Nbd7 12. a4 Ng4 13. Qc2 Qa5 14. Bd2
Rfb8 15. Nb5 Qa6 16. Bc3 Bxc3 17. Qxc3 Qb7 18. b3 Ra6 19. h3 Nge5 20. Nxe5
Nxe5 21. f4 Nd7 22. Qf3 Nb6 23. h4 c4 24. f5 cxb3 25. fxg6 hxg6 26. Rhf1 f5
27. exf5 Qxd5 28. Rab1 Qxf3+ 29. Rxf3 Rxa4 30. fxg6 Nc4 31. Rfxb3 Nd2 32.
Nc3 Rxb3 33. Rxb3 Rc4 34. Rb2 Rxc3 35. Rxd2 Kg7 36. h5 Rc5 37. g4 Rc3 38.
Rf2 e5 39. g5 e4 40. Rf7+ Kg8 41. h6 Rc8 42. Rd7 e3 43. Kf1 Re8 44. Ke2 Kh8
45. Rxd6 Kg8 46. Rd3 Ra8 47. Rxe3 Rb8 48. Kf3 Rf8+ 49. Kg4 Ra8 50. Re4 Rd8
51. Kf5 Rf8+ 52. Kg4 Rd8 53. Re7 Rc8 54. Rd7 Rb8 55. Kf5 Rb5+ 56. Ke6 Rb6+
57. Rd6 Rb8 58. Kf6 Rf8+ 59. Ke7 Ra8 60. Rd8+ Rxd8 61. Kxd8 Kf8 62. Kd7 Kg8
63. Ke7 Kh8 64. Kf6 Kg8 65. g7 Kh7 66. Kf7 { Black stalemated } 1/2-1/2

[Event "ICC tourney 2297 (30 10)"]
[Site "Internet Chess Club"]
[Date "2021.01.10"]
[Round "3"]
[White "Clairehouses"]
[Black "Luke123"]
[Result "1/2-1/2"]
[ICCResult "Game drawn by repetition"]
[WhiteElo "1578"]
[BlackElo "1908"]
[Opening "QGD: semi-Slav, Noteboom variation"]
[ECO "D30"]
[NIC "QP.08"]
[Time "15:01:51"]
[PlyCount "202"]
[TimeControl "1800+10"]

1. d4 d5 2. c4 e6 3. Nf3 c6 4. Nc3 dxc4 5. a4 Bb4 6. Qc2 b5 7. e4 h6 8. Bd2
a5 9. axb5 Bxc3 10. Qxc3 cxb5 11. Rxa5 Rxa5 12. Qxa5 Qxa5 13. Bxa5 Nf6 14.
e5 Ne4 15. b3 Ba6 16. bxc4 bxc4 17. Nd2 Nxd2 18. Kxd2 Nc6 19. Bb6 O-O 20.
Be2 Rb8 21. Bc5 c3+ 22. Ke3 Bxe2 23. Kxe2 Rb2+ 24. Ke3 Na5 25. Rc1 Nc4+ 26.
Kd3 Rxf2 27. Kxc4 Rxg2 28. Rxc3 Rxh2 29. d5 Rh4+ 30. Bd4 exd5+ 31. Kxd5 g5
32. Rc8+ Kh7 33. Rc7 Kg6 34. Rc8 g4 35. Rg8+ Kh7 36. Rh8+ Kg6 37. Be3 Rh3
38. Bd4 g3 39. Kd6 Rh4 40. Bc5 Kg7 41. Rb8 g2 42. e6 fxe6 43. Kxe6 Rg4 44.
Bg1 Re4+ 45. Kf5 Re1 46. Bd4+ Kf7 47. Rb7+ Ke8 48. Rg7 Rf1+ 49. Ke4 h5 50.
Rxg2 Rh1 51. Kf4 Kf7 52. Kf5 Rf1+ 53. Ke4 Rh1 54. Kd5 h4 55. Be5 Rd1+ 56.
Ke4 Re1+ 57. Kf5 h3 58. Rh2 Re3 59. Rf2 Ke7 60. Bf4 Rb3 61. Re2+ Kd7 62.
Rc2 Rb5+ 63. Be5 Rd5 64. Rc7+ Kd8 65. Rh7 Rd1 66. Ke6 Kc8 67. Rc7+ Kd8 68.
Rh7 Kc8 69. Rxh3 Kb7 70. Rc3 Kb6 71. Bf4 Kb5 72. Ke5 Kb4 73. Rc8 Kb5 74.
Be3 Kb4 75. Bd4 Rh1 76. Kd5 Rh5+ 77. Be5 Rh4 78. Rb8+ Ka3 79. Bd4 Rh7 80.
Kc4 Rc7+ 81. Kd3 Rc6 82. Bc3 Rc7 83. Kc2 Ka4 84. Rb4+ Ka3 85. Rb3+ Ka4 86.
Rb8 Rc6 87. Kd3 Rd6+ 88. Bd4 Rc6 89. Ke4 Rc4 90. Kd5 Rb4 91. Ra8+ Kb3 92.
Bc5 Rg4 93. Ra3+ Kb2 94. Rh3 Kc2 95. Bd4 Kd2 96. Kc4 Ke2 97. Rb3 Rg8 98.
Bc5 Rg4+ 99. Bd4 Rg8 100. Bc5 Rg4+ 101. Bd4 Rg8 { Game drawn by repetition
} 1/2-1/2

[Event "ICC tourney 2297 (30 10)"]
[Site "Internet Chess Club"]
[Date "2021.01.10"]
[Round "4"]
[White "SuperWJ"]
[Black "Goran21"]
[Result "0-1"]
[ICCResult "White resigns"]
[WhiteElo "1959"]
[BlackElo "2008"]
[Opening "King's Indian: Andersson variation"]
[ECO "E92"]
[NIC "KI.18"]
[Time "17:01:58"]
[PlyCount "70"]
[TimeControl "1800+10"]

1. d4 Nf6 2. c4 g6 3. Nf3 Bg7 4. Nc3 O-O 5. e4 d6 6. Be2 e5 7. dxe5 dxe5 8.
Qxd8 Rxd8 9. Bg5 c6 10. O-O h6 11. Bh4 Re8 12. Bg3 Nh5 13. Rad1 Na6 14. a3
Nf4 15. b4 Be6 16. c5 Nxe2+ 17. Nxe2 Bc4 18. Rfe1 f5 19. exf5 gxf5 20. Bh4
Bd5 21. Nd2 e4 22. Nf4 Nc7 23. Nxd5 Nxd5 24. Nc4 Rf8 25. f3 Bc3 26. Re2 Bf6
27. Bxf6 Rxf6 28. fxe4 Nc3 29. Red2 Nxd1 30. Rxd1 fxe4 31. Nd6 e3 32. Re1
Raf8 33. h3 Re6 34. Re2 b6 35. Kh2 Rf2 { White resigns } 0-1

[Event "ICC tourney 2297 (30 10)"]
[Site "Internet Chess Club"]
[Date "2021.01.10"]
[Round "4"]
[White "mikolka1985"]
[Black "SuperPuzzler"]
[Result "0-1"]
[ICCResult "White resigns"]
[WhiteElo "2545"]
[BlackElo "1993"]
[Opening "King's Indian: Four pawns attack"]
[ECO "E76"]
[NIC "KI.31"]
[Time "17:01:47"]
[PlyCount "70"]
[TimeControl "1800+10"]

1. d4 Nf6 2. c4 g6 3. Nc3 Bg7 4. e4 d6 5. f4 O-O 6. Nf3 c5 7. dxc5 Qa5 8.
Bd3 Qxc5 9. Qe2 Nc6 10. Be3 Qa5 11. O-O Bg4 12. Rac1 Nd7 13. Qf2 Bxf3 14.
gxf3 Nc5 15. Bb1 Ne6 16. Kh1 Bd4 17. Nd5 Qc5 18. f5 Bxe3 19. Nxe3 Nf4 20.
Rce1 Nd4 21. Qd2 e5 22. fxe6 fxe6 23. b4 Qb6 24. e5 Nc6 25. exd6 Qxb4 26.
Qxb4 Nxb4 27. Rd1 Rfd8 28. Ng4 Rac8 29. Rd4 g5 30. h4 Ne2 31. Re4 Ng3+ 32.
Kg2 Nxf1 33. Rxe6 Rxc4 34. Nh6+ Kg7 35. hxg5 Nd5 { White resigns } 0-1

[Event "ICC tourney 2297 (30 10)"]
[Site "Internet Chess Club"]
[Date "2021.01.10"]
[Round "4"]
[White "Aryangambit"]
[Black "imranchamp"]
[Result "1-0"]
[ICCResult "Black checkmated"]
[WhiteElo "2093"]
[BlackElo "1826"]
[Opening "Sicilian: Pelikan, Chelyabinsk variation"]
[ECO "B33"]
[NIC "SI.37"]
[Time "17:01:49"]
[PlyCount "89"]
[TimeControl "1800+10"]

1. e4 c5 2. Nf3 Nc6 3. d4 cxd4 4. Nxd4 Nf6 5. Nc3 e5 6. Ndb5 d6 7. Bg5 a6
8. Na3 b5 9. Nd5 Be7 10. Bxf6 Bxf6 11. c3 Ne7 12. Nc2 Bg5 13. Ncb4 Bb7 14.
Nxe7 Qxe7 15. Nd5 Qd8 16. a4 O-O 17. h4 Bh6 18. g3 bxa4 19. Rxa4 f5 20. Qb3
Rb8 21. Rb4 Bxd5 22. Qxd5+ Kh8 23. Rxb8 Qxb8 24. b4 Qc7 25. Qc4 Qxc4 26.
Bxc4 Rc8 27. Bxa6 Rxc3 28. O-O fxe4 29. b5 e3 30. b6 exf2+ 31. Kxf2 Rb3 32.
Kg2 g6 33. b7 Rb2+ 34. Rf2 Rb6 35. Rc2 Kg7 36. Rc8 Rb2+ 37. Kh3 g5 38. b8=Q
g4+ 39. Kxg4 Rh2 40. Qc7+ Kg6 41. Bd3+ e4 42. Bxe4+ Kf6 43. Qxd6+ Kf7 44.
Bd5+ Kg7 45. Rg8# { Black checkmated } 1-0

[Event "ICC tourney 2297 (30 10)"]
[Site "Internet Chess Club"]
[Date "2021.01.10"]
[Round "4"]
[White "yanje03"]
[Black "hackerguru"]
[Result "0-1"]
[ICCResult "White checkmated"]
[WhiteElo "1508"]
[BlackElo "1750"]
[Opening "Sicilian: Nimzovich-Rossolimo attack (with ...g6, without ...d6)"]
[ECO "B31"]
[NIC "SI.31"]
[Time "17:01:47"]
[PlyCount "108"]
[TimeControl "1800+10"]

1. e4 c5 2. Nf3 Nc6 3. Bb5 g6 4. Bxc6 dxc6 5. O-O Nf6 6. d3 Nd7 7. Nc3 Bg7
8. Be3 e5 9. Qd2 b6 10. Bh6 O-O 11. h3 Ba6 12. Nh2 Qh4 13. Bg5 Qh5 14. Ne2
f6 15. Be3 g5 16. Ng3 Qf7 17. Nf5 h6 18. Ng4 Kh7 19. g3 h5 20. Nh2 c4 21.
Nd6 Qe6 22. Nf5 cxd3 23. cxd3 Rad8 24. Qe2 Kg6 25. Rfd1 Nc5 26. Bxc5 bxc5
27. Rac1 c4 28. d4 exd4 29. Nxd4 Qxh3 30. Nxc6 Rd3 31. Nb4 Rxd1+ 32. Rxd1
Bb5 33. Nf3 h4 34. gxh4 Qg4+ 35. Kh1 Qh3+ 36. Nh2 Qxh4 37. Rg1 Rh8 38. Rg2
Qf4 39. Nd5 Qe5 40. f4 Qd4 41. fxg5 fxg5 42. Nf4+ Kf7 43. Rxg5 Be5 44. Rf5+
Ke8 45. Qe1 Qxb2 46. Qg1 Rxh2+ 47. Qxh2 Qb1+ 48. Kg2 Qxe4+ 49. Kg3 Qxf5 50.
Qf2 Qg5+ 51. Kh3 Bd7+ 52. Kh2 Bxf4+ 53. Kh1 Bc6+ 54. Qf3 Bxf3# { White
checkmated } 0-1

[Event "ICC tourney 2297 (30 10)"]
[Site "Internet Chess Club"]
[Date "2021.01.10"]
[Round "4"]
[White "saif-shawkat"]
[Black "chesssky"]
[Result "1/2-1/2"]
[ICCResult "Game drawn by repetition"]
[WhiteElo "2059"]
[BlackElo "1991"]
[Opening "Caro-Kann: advance variation"]
[ECO "B12"]
[NIC "CK.02"]
[Time "17:01:46"]
[PlyCount "85"]
[TimeControl "1800+10"]

1. e4 c6 2. d4 d5 3. e5 c5 4. Nf3 Nc6 5. Bf4 Bg4 6. dxc5 e6 7. c3 Bxc5 8.
b4 Bb6 9. Bd3 Nge7 10. O-O Ng6 11. Bxg6 hxg6 12. h3 Bf5 13. Nbd2 Rc8 14. a4
a6 15. Nb3 Nxb4 16. cxb4 Bc2 17. Qd2 Bxb3 18. a5 Ba7 19. Rfc1 Bc4 20. Be3
Bxe3 21. Qxe3 Qe7 22. Rab1 Rc7 23. Nd2 O-O 24. Qf4 Rfc8 25. Nf3 Bd3 26.
Rxc7 Rxc7 27. Rc1 Rc4 28. Rxc4 dxc4 29. Ng5 f6 30. exf6 gxf6 31. Ne4 Kg7
32. Nc5 e5 33. Qe3 e4 34. f3 f5 35. fxe4 fxe4 36. Qd4+ Kh7 37. Nd7 Qf7 38.
Nf6+ Kh6 39. Ng4+ Kh7 40. Nf6+ Kh6 41. Ng4+ Kh7 42. Nf6+ Kh6 43. Ng4+ {
Game drawn by repetition } 1/2-1/2

[Event "ICC tourney 2297 (30 10)"]
[Site "Internet Chess Club"]
[Date "2021.01.10"]
[Round "4"]
[White "runtilmorrow1"]
[Black "Markss1420"]
[Result "0-1"]
[ICCResult "White checkmated"]
[WhiteElo "1968"]
[BlackElo "2090"]
[Opening "Robatsch (modern) defense"]
[ECO "B06"]
[NIC "KF.06"]
[Time "17:01:55"]
[PlyCount "102"]
[TimeControl "1800+10"]

1. e4 g6 2. d4 d6 3. Nc3 Bg7 4. Be3 c6 5. a4 Nd7 6. Nf3 Qc7 7. Bc4 h6 8.
O-O Ngf6 9. Nh4 Nb6 10. Bb3 g5 11. Nf3 Bg4 12. h3 Bh5 13. g4 Bg6 14. e5
Nfd5 15. Nxd5 cxd5 16. a5 Nc4 17. Ba4+ Kf8 18. exd6 Qxd6 19. Qe2 Nxa5 20.
Qb5 b6 21. Ra3 Nc4 22. Rc3 Be4 23. Rxc4 dxc4 24. Ne5 Bxe5 25. dxe5 Qd5 26.
Qxd5 Bxd5 27. c3 Kg7 28. f4 gxf4 29. Rxf4 Rhf8 30. Rf5 Be6 31. Rh5 Rh8 32.
Kg2 Rab8 33. Kg3 b5 34. Bc2 a5 35. g5 hxg5 36. Rxg5+ Kf8 37. h4 Rg8 38. h5
Rxg5+ 39. Bxg5 b4 40. cxb4 axb4 41. h6 Rb7 42. h7 Kg7 43. Kh4 c3 44. Kh5 b3
45. Be4 Rb4 46. Bh6+ Kh8 47. Bd3 Rd4 48. Be2 cxb2 49. Bf8 b1=Q 50. Kh6
Qxh7+ 51. Kg5 Qg6# { White checkmated } 0-1

[Event "ICC tourney 2297 (30 10)"]
[Site "Internet Chess Club"]
[Date "2021.01.10"]
[Round "4"]
[White "coolsportsguy"]
[Black "ELCCEthan488"]
[Result "1-0"]
[ICCResult "Black checkmated"]
[WhiteElo "2330"]
[BlackElo "1565"]
[Opening "Queen's pawn, Mason variation, Steinitz counter-gambit"]
[ECO "D00"]
[NIC "QP.08"]
[Time "17:02:39"]
[PlyCount "125"]
[TimeControl "1800+10"]

1. d4 d5 2. Bf4 c5 3. e3 Nf6 4. c3 Nc6 5. Nd2 Bf5 6. Qb3 Qd7 7. Ngf3 e6 8.
Ne5 Qc8 9. Bb5 Nd7 10. Nxd7 Qxd7 11. Qa4 Rc8 12. O-O a6 13. Be2 Be7 14.
dxc5 e5 15. Bg3 h5 16. h3 h4 17. Bh2 Rh6 18. Kh1 Bxc5 19. e4 b5 20. Qc2 Bh7
21. Bg4 f5 22. exf5 Rf6 23. Nf3 Bxf5 24. Bxf5 Qxf5 25. Qxf5 Rxf5 26. Nxe5
Nxe5 27. Rae1 Kf7 28. Bxe5 Re8 29. f4 b4 30. cxb4 Bxb4 31. Rc1 g6 32. Rfd1
Rexe5 33. fxe5 Rxe5 34. a3 Be7 35. Rc6 Re6 36. Rxe6 Kxe6 37. Kg1 Bc5+ 38.
Kf1 d4 39. Ke2 Kd5 40. Kd3 Bd6 41. Re1 Be5 42. Re4 g5 43. b4 Bf6 44. a4 Be5
45. b5 axb5 46. axb5 Bf4 47. Rxd4+ Kc5 48. Rxf4 gxf4 49. Ke4 Kxb5 50. Kxf4
Kc6 51. Kg4 Kd6 52. Kxh4 Ke6 53. g4 Kf6 54. Kh5 Kg7 55. Kg5 Kh7 56. Kf6 Kh8
57. Kg6 Kg8 58. g5 Kh8 59. Kf7 Kh7 60. g6+ Kh6 61. g7 Kh5 62. g8=Q Kh4 63.
Qg4# { Black checkmated } 1-0

[Event "ICC tourney 2297 (30 10)"]
[Site "Internet Chess Club"]
[Date "2021.01.10"]
[Round "4"]
[White "Luke123"]
[Black "wangfang75"]
[Result "0-1"]
[ICCResult "White checkmated"]
[WhiteElo "1908"]
[BlackElo "1834"]
[Opening "Four knights: Scotch, 4...exd4"]
[ECO "C47"]
[NIC "KP.06"]
[Time "17:01:47"]
[PlyCount "106"]
[TimeControl "1800+10"]

1. e4 e5 2. Nf3 Nc6 3. Nc3 Nf6 4. d4 exd4 5. Nxd4 Bc5 6. Nxc6 dxc6 7. Qxd8+
Kxd8 8. Bg5 h6 9. O-O-O+ Ke7 10. Bxf6+ gxf6 11. f3 Be6 12. Be2 Rad8 13.
Rxd8 Rxd8 14. Rd1 Rxd1+ 15. Kxd1 Bd4 16. Kd2 b5 17. a3 f5 18. Bd3 fxe4 19.
Bxe4 Kd6 20. Kd3 Be5 21. Ke3 Bxh2 22. f4 Bg1+ 23. Kf3 Bd4 24. Nd1 h5 25. f5
Bd5 26. c3 Bb6 27. Kf4 f6 28. b4 c5 29. Bxd5 Kxd5 30. Ne3+ Kd6 31. Nc2 cxb4
32. axb4 a5 33. Na3 c6 34. Ke4 h4 35. Nc2 axb4 36. cxb4 c5 37. bxc5+ Bxc5
38. Na1 b4 39. Nb3 Bf2 40. Kf3 Be1 41. Ke4 Bc3 42. Nc1 Kc5 43. Kf3 Kc4 44.
Kg4 Bd2 45. Ne2 b3 46. Kxh4 b2 47. g4 b1=Q 48. Kh5 Qh1+ 49. Kg6 Bg5 50. Ng3
Qd5 51. Nh5 Qg8+ 52. Ng7 Kd5 53. Kh5 Qh7# { White checkmated } 0-1

[Event "ICC tourney 2297 (30 10)"]
[Site "Internet Chess Club"]
[Date "2021.01.10"]
[Round "4"]
[White "dogetk"]
[Black "espark"]
[Result "1-0"]
[ICCResult "Black resigns"]
[WhiteElo "1976"]
[BlackElo "2322"]
[Opening "QGD: 4.Nf3"]
[ECO "D37"]
[NIC "QI.01"]
[Time "17:01:56"]
[PlyCount "55"]
[TimeControl "1800+10"]

1. d4 Nf6 2. c4 e6 3. Nf3 d5 4. Nc3 Be7 5. g3 O-O 6. Bg2 dxc4 7. Ne5 Nc6 8.
Bxc6 bxc6 9. Nxc6 Qe8 10. Nxe7+ Qxe7 11. Qa4 c5 12. Qxc4 Bb7 13. O-O cxd4
14. Qxd4 e5 15. Qa4 Qe6 16. e4 Rfc8 17. f3 Ba6 18. Rf2 Qb6 19. Bg5 Rc4 20.
Qa3 Rd8 21. Nd5 Qe6 22. Bxf6 gxf6 23. b3 Rd4 24. Nc7 Rd1+ 25. Rxd1 Rxd1+
26. Kg2 Qc6 27. Nxa6 Qc3 28. Qe7 { Black resigns } 1-0

[Event "ICC tourney 2297 (30 10)"]
[Site "Internet Chess Club"]
[Date "2021.01.10"]
[Round "4"]
[White "SanthoshA"]
[Black "JonnyTurgi"]
[Result "0-1"]
[ICCResult "White checkmated"]
[WhiteElo "1562"]
[BlackElo "2087"]
[Opening "Caro-Kann: exchange variation"]
[ECO "B13"]
[NIC "CK.02"]
[Time "17:01:59"]
[PlyCount "146"]
[TimeControl "1800+10"]

1. e4 c6 2. d4 d5 3. exd5 cxd5 4. Bd3 Nc6 5. Nf3 Bg4 6. c3 Qc7 7. O-O e6 8.
Be3 Bd6 9. h3 Bh5 10. Nbd2 Nf6 11. Qc2 O-O 12. Bg5 Bg6 13. Bxf6 gxf6 14. a3
Rfc8 15. Rfe1 b5 16. Bxg6 hxg6 17. Qd3 Rab8 18. b4 Ne7 19. Rec1 Bf4 20. Rc2
e5 21. dxe5 fxe5 22. Qe2 Nf5 23. Nb3 e4 24. Nfd4 Nxd4 25. Nxd4 a6 26. a4
Be5 27. Qd2 Qc4 28. Ne2 d4 29. Ng3 dxc3 30. Qe3 Bxg3 31. Qxg3 Qxb4 32. axb5
axb5 33. Rac1 Qf8 34. Rxc3 Rxc3 35. Qxc3 b4 36. Qb3 Qd6 37. Kf1 Qd3+ 38.
Qxd3 exd3 39. Rb1 b3 40. Ke1 b2 41. Kd2 Rb3 42. Ke3 Kf8 43. Kd2 Ke7 44. Ke3
Kd6 45. g4 Kc5 46. h4 Kb4 47. h5 gxh5 48. gxh5 Ka3 49. h6 Ka2 50. h7 Rb8
51. Rh1 b1=Q 52. Rxb1 Kxb1 53. Kxd3 Rh8 54. Ke4 Rxh7 55. Kf5 Kc2 56. f4 Kd3
57. Kg5 Ke4 58. f5 Rh1 59. Kf6 Rf1 60. Kxf7 Rxf5+ 61. Ke6 Kf4 62. Kd6 Re5
63. Kc6 Ke4 64. Kd6 Kd4 65. Kc6 Rd5 66. Kb6 Rc5 67. Ka6 Kc4 68. Ka7 Rb5 69.
Ka6 Kc5 70. Ka7 Rb6 71. Ka8 Kc6 72. Ka7 Kc7 73. Ka8 Ra6# { White checkmated
} 0-1

[Event "ICC tourney 2297 (30 10)"]
[Site "Internet Chess Club"]
[Date "2021.01.10"]
[Round "4"]
[White "parallax"]
[Black "musk6868"]
[Result "1-0"]
[ICCResult "Black resigns"]
[WhiteElo "2321"]
[BlackElo "2051"]
[Opening "Sicilian: accelerated fianchetto, Maróczy bind"]
[ECO "B36"]
[NIC "EO.64"]
[Time "17:01:49"]
[PlyCount "67"]
[TimeControl "1800+10"]

1. c4 c5 2. Nf3 Nc6 3. d4 cxd4 4. Nxd4 g6 5. e4 Nf6 6. Nc3 d6 7. Be2 Nxd4
8. Qxd4 Bg7 9. Be3 O-O 10. Qd2 Be6 11. O-O Qa5 12. Rac1 Rfc8 13. b3 a6 14.
f4 b5 15. f5 Bd7 16. b4 Qxb4 17. e5 dxe5 18. fxg6 hxg6 19. Rxf6 Bxf6 20.
Qxd7 Rd8 21. Qg4 Rac8 22. Nd5 Qa3 23. c5 Rc6 24. Nxf6+ exf6 25. Qf3 e4 26.
Qf4 f5 27. h4 Qxa2 28. Bf1 Qb2 29. h5 a5 30. Qg5 Rd7 31. Qg3 Rb7 32. Rd1 a4
33. Rd8+ Kh7 34. hxg6+ { Black resigns } 1-0

[Event "ICC tourney 2297 (30 10)"]
[Site "Internet Chess Club"]
[Date "2021.01.10"]
[Round "4"]
[White "MrNormalName"]
[Black "bozone"]
[Result "1-0"]
[ICCResult "Black resigns"]
[WhiteElo "2174"]
[BlackElo "2069"]
[Opening "Catalan: closed, 5.Nf3"]
[ECO "E06"]
[NIC "CA.05"]
[Time "17:02:39"]
[PlyCount "51"]
[TimeControl "1800+10"]

1. d4 Nf6 2. c4 e6 3. g3 d5 4. Bg2 Be7 5. Nf3 O-O 6. O-O dxc4 7. Qc2 b6 8.
Ne5 Qxd4 9. Bxa8 Qxe5 10. Bf3 Nd5 11. Qxc4 Ba6 12. Qa4 c5 13. Na3 b5 14.
Nxb5 Nb6 15. Qa5 Nc4 16. Qc7 Bxb5 17. Qxe7 Nc6 18. Qg5 Qd6 19. a4 Ba6 20.
Bf4 e5 21. Rfd1 Qc7 22. Be3 f6 23. Qf5 Rf7 24. Bd5 Nd4 25. Bxd4 cxd4 26.
Rac1 { Black resigns } 1-0

[Event "ICC tourney 2297 (30 10)"]
[Site "Internet Chess Club"]
[Date "2021.01.10"]
[Round "4"]
[White "Volkov"]
[Black "YKQ"]
[Result "1-0"]
[ICCResult "Black resigns"]
[WhiteElo "2607"]
[BlackElo "2550"]
[Opening "Dutch defense"]
[ECO "A40"]
[NIC "QO.17"]
[Time "17:02:09"]
[PlyCount "69"]
[TimeControl "1800+10"]

1. d4 e6 2. c4 f5 3. Bf4 Nf6 4. e3 Bb4+ 5. Nd2 O-O 6. a3 Bxd2+ 7. Qxd2 b6
8. h3 Bb7 9. f3 d6 10. g4 Nbd7 11. O-O-O Qe7 12. Bg3 e5 13. Bg2 exd4 14.
exd4 Rae8 15. Qc2 d5 16. Re1 Qf7 17. Rxe8 Qxe8 18. Ne2 dxc4 19. Qxc4+ Kh8
20. Nc3 Qe3+ 21. Kb1 Ne4 22. Qxc7 Nd2+ 23. Ka1 Bxf3 24. Re1 Qxd4 25. Bd6
Rg8 26. Bxf3 Nxf3 27. Rd1 Nd2 28. Qxd7 f4 29. Qe7 f3 30. Be5 Qd3 31. Qf7 h6
32. g5 f2 33. Qxf2 Rd8 34. gxh6 Nb3+ 35. Ka2 { Black resigns } 1-0